 Dungeon Sprint DCSS version 0.30.1-9-gdf580d7c3d (webtiles) character file.

Game seed: 12661491901319582893

6100000 Heoruswealwe the Conqueror (level 27, -54/228 HPs)
             Began as a Djinni Warper on Sept 27, 2023.
             Was the Champion of Makhleb.
             Annihilated by a meat berserker
             ... wielding a +9 battleaxe
              (73 damage)
             ... in the Dungeon (Sprint VIII: "Arena of Blood").
             The game lasted 00:08:37 (61 turns).

Heoruswealwe the Conqueror (Djinni Warper)            Turns: 61, Time: 00:08:40

Health: -54/228    AC:  6    Str: 20    XL:     27
Gold:   0          EV: 27    Int: 17    God:    Makhleb [******] SH:  0 Dex: 15

rFire   + + .        i - +∞ Axe of Woe
rCold   x . .        (shield currently unavailable)
rNeg    . . .        b - +0 leather armour
rPois   ∞            (no helmet)
rElec   .            (no cloak)
rCorr   .            (no gloves)
SInv    .            (boots unavailable)
Will    ++...        (no amulet)
Stlth   ++++++++     (no ring)
HPRegen 0.58/turn    (no ring)
MPRegen 0.00/turn

%: no teleportation, infuse magic (-55 HP)
@: flying
A: sickness immunity, fire resistance 2, cold vulnerability 1, float, innate
caster, HP casting, extra vitality 1
a: Renounce Religion, Minor Destruction, Lesser Servant of Makhleb, Major
Destruction, Greater Servant of Makhleb


You were in the Dungeon.
You worshipped Makhleb.
Makhleb was exalted by your worship.
You visited 1 branch

Inventory:

Hand Weapons
 a - a +0 hand axe
 i - the +∞ Axe of Woe (weapon)
   (You found it in the Dungeon)
Missiles
 d - 7 boomerangs of dispersal (quivered)
Armour
 b - a +0 leather armour (worn)
Jewellery
 j - a ring of see invisible
Scrolls
 c - 2 scrolls of blinking
Potions
 e - a potion of curing
 f - a potion of heal wounds
 g - a potion of haste
 h - a potion of berserk rage


   Skills:
 O Level 27 Fighting
 + Level 22.5(26.0) Short Blades
 + Level 22.5(26.0) Long Blades
 O Level 27 Axes
 + Level 26.2(27) Maces & Flails
 + Level 23.5(27) Polearms
 + Level 25.3(27) Staves
 + Level 20.9 Ranged Weapons
 + Level 26.3 Throwing
 O Level 27 Armour
 O Level 27 Dodging
 + Level 22.6 Stealth
 O Level 27 Shields
 O Level 27 Unarmed Combat
 O Level 27 Spellcasting
 O Level 27 Invocations
 O Level 27 Evocations


You knew the following spells:

 Your Spells              Type           Power      Damage    Failure   Level
a - Blink                 Tloc           100%       N/A       0%          2
b - Lesser Beckoning      Tloc           100%       N/A       0%          2
c - Vhi's Electric Charg  Tloc/Air       100%       N/A       0%          3
d - Teleport Other        Tloc           86%        N/A       0%          3
e - Manifold Assault      Tloc           86%        N/A       0%          4
f - Freeze                Ice            100%       1d10      0%          1
g - Wereblood             Tmut           86%        N/A       0%          2
h - Ensorcelled Hibernat  Hex/Ice        100%       N/A       0%          2
i - Stone Arrow           Conj/Erth      100%       3d13      0%          3
j - Petrify               Tmut/Erth      86%        N/A       0%          4
k - Metabolic Englaciati  Hex/Ice        43%        N/A       0%          5
l - Starburst             Conj/Fire      43%        6d12      0%          6
m - Death Channel         Necr           43%        N/A       0%          6
n - Storm Form            Tmut/Air       43%        N/A       1%          7
o - Necromutation         Tmut/Necr      43%        N/A       1%          8
p - Monstrous Menagerie   Summ           43%        N/A       1%          7
q - Discord               Hex            43%        N/A       1%          8
r - Dragon's Call         Summ           43%        N/A       2%          9
Your spell library was empty.

Dungeon Overview and Level Annotations

Branches:
Dungeon (1/1)

Altars:
Makhleb

Annotations:
D The Captor, The Servant


Innate Abilities, Weirdness & Mutations

You are immune to sickness and miasma.
You are immune to poison.
Your flesh is very heat resistant. (rF++)
You are vulnerable to cold. (rC-)
You float through the air rather than walking.
You learn spells naturally, not from books.
Your magical power is your life essence.
You have superior vitality. (+4 MHP)


Message History

Casting: Blink (safe; 0% risk of failure)
Confirm with . or Enter, or press ? or * to list all spells.
You blink.
Found an ivory ring.
* * * LOW HITPOINT WARNING * * *
You hear a shout! x9
A sculptor of flesh comes into view. It is wielding a +9 great sword.
You slash the accursed!
You dissect the accursed like a pig carcass.
You destroy the accursed!
Makhleb accepts your kill.
You feel extremely nervous for a moment...
Pain shoots through your body!!
* * * LOW HITPOINT WARNING * * *
The meat berserker appears out of thin air!
A meat berserker comes into view. It is wielding a +9 battleaxe.
You hear a shout! x8
Your base Short Blades skill increases to level 22!
Your base Long Blades skill increases to level 22!
Your base Maces & Flails skill increases to level 26!
Your base Polearms skill increases to level 23!
Your base Staves skill increases to level 25!
Your Throwing skill increases to level 26!
Your Stealth skill increases to level 22!
You have mastered Unarmed Combat!
You hear a shout! x3
The meat berserker rages.
You hear a shout!
The Captor comes into view.
He is wielding a +9 heavy triple sword.
The meat berserker appears out of thin air!
A meat berserker comes into view. It is wielding a +9 battleaxe.
The meat berserker shouts!
You hear a shout! x4
You hear a shout! x8
You see here a ring of see invisible.
j - a ring of see invisible You hear a shout! x2
A meat berserker comes into view. It is wielding a +9 battleaxe. x2
You hear a shout! x5
The meat berserker rages.
The meat berserker hits you with a +9 battleaxe!!!!
You die...

#.#.#.§)o..........
.#.#oO.§.#....O...#...
........)§.o.....O..#...
.##......O##.#..O......
##...................
....####....#.z...###
##...................#.
####.........O........
###......O@.......
################


You could see a sculptor of flesh, 6 meat berserkers and a bag of meat.

Vanquished Creatures
  A royal mummy (D)
  10 vampire knights (D)
  20 ogres (D)
  7 two-headed ogres (D)
  A lich (D)
  A hydra (D)
  33 orcs (D)
  3 skeletal warriors (D)
76 creatures vanquished.

Notes
Turn   | Place    | Note
-------+----------+-------------------------------------------
     0 | D        | Found the +∞ Axe of Woe
     0 | D        | Heoruswealwe the Djinni Warper began the quest for the Orb.
     0 | D        | Heoruswealwe set off with the following spells memorised:
                  | Blink, Lesser Beckoning, Vhi's Electric Charge, Teleport
                  | Other, Manifold Assault.
     0 | D        | Reached XP level 1. HP: 18/18 MP: 0/0
     4 | D        | Became a worshipper of Makhleb the Destroyer
     4 | D        | Noticed a meat berserker
     5 | D        | Noticed a bag of meat
     5 | D        | Noticed a bag of meat
     6 | D        | Noticed a bag of meat
     6 | D        | Noticed a meat berserker
     7 | D        | Killed a meat berserker
     7 | D        | Noticed a meat berserker
     7 | D        | Noticed a bag of meat
     7 | D        | Noticed a bag of meat
     7 | D        | Noticed a bag of meat
     7 | D        | Noticed a meat berserker
     8 | D        | Reached skill level 10 in Dodging
     8 | D        | Reached XP level 2. HP: 40/40 MP: 0/0
     8 | D        | Reached XP level 3. HP: 46/46 MP: 0/0
     8 | D        | Learned a level 1 spell: Freeze
     8 | D        | Reached XP level 4. HP: 52/52 MP: 0/0
     8 | D        | Reached XP level 5. HP: 58/58 MP: 0/0
     8 | D        | Learned a level 2 spell: Wereblood
     8 | D        | Reached XP level 6. HP: 64/64 MP: 0/0
     8 | D        | Reached XP level 7. HP: 69/69 MP: 0/0
     8 | D        | Learned a level 2 spell: Ensorcelled Hibernation
     8 | D        | Reached XP level 8. HP: 76/76 MP: 0/0
     8 | D        | Reached XP level 9. HP: 81/81 MP: 0/0
     8 | D        | Learned a level 3 spell: Stone Arrow
     8 | D        | Reached XP level 10. HP: 87/87 MP: 0/0
     8 | D        | Reached XP level 11. HP: 93/93 MP: 0/0
     8 | D        | Learned a level 4 spell: Petrify
     8 | D        | Reached XP level 12. HP: 99/99 MP: 0/0
     8 | D        | Killed a bag of meat
     8 | D        | Reached * piety under Makhleb
     8 | D        | Killed a bag of meat
     8 | D        | Killed a bag of meat
     9 | D        | Reached XP level 13. HP: 111/111 MP: 0/0
     9 | D        | Learned a level 5 spell: Metabolic Englaciation
     9 | D        | Reached XP level 14. HP: 117/117 MP: 0/0
    10 | D        | Killed a meat berserker
    10 | D        | Reached ** piety under Makhleb
    10 | D        | Noticed a bag of meat
    11 | D        | Reached skill level 15 in Axes
    11 | D        | Reached skill level 10 in Spellcasting
    11 | D        | Killed a bag of meat
    11 | D        | Killed a bag of meat
    11 | D        | Noticed a bag of meat
    12 | D        | Reached skill level 15 in Dodging
    12 | D        | Reached XP level 15. HP: 42/129 MP: 0/0
    12 | D        | Learned a level 6 spell: Starburst
    12 | D        | Killed a meat berserker
    12 | D        | Reached *** piety under Makhleb
    12 | D        | Killed a meat berserker
    13 | D        | Reached skill level 15 in Armour
    13 | D        | Reached skill level 15 in Shields
    13 | D        | Reached skill level 15 in Invocations
    13 | D        | Reached skill level 15 in Evocations
    13 | D        | Reached XP level 16. HP: 77/140 MP: 0/0
    13 | D        | Noticed a meat berserker
    15 | D        | Noticed a meat berserker
    15 | D        | Noticed a meat berserker
    16 | D        | Noticed a meat berserker
    17 | D        | Killed a meat berserker
    18 | D        | Reached **** piety under Makhleb
    18 | D        | Noticed a large bag of meat
    18 | D        | Noticed a meat berserker
    19 | D        | Reached XP level 17. HP: 69/149 MP: 0/0
    19 | D        | Learned a level 6 spell: Death Channel
    19 | D        | Noticed a meat berserker
    20 | D        | Killed a meat berserker
    20 | D        | Killed a meat berserker
    20 | D        | Reached ***** piety under Makhleb
    21 | D        | Reached XP level 18. HP: 161/161 MP: 0/0
    21 | D        | Noticed a large bag of meat
    22 | D        | Killed a meat berserker
    23 | D        | Reached skill level 15 in Spellcasting
    23 | D        | Killed a meat berserker
    23 | D        | Noticed a large bag of meat
    23 | D        | Noticed a meat berserker
    24 | D        | Reached skill level 27 in Fighting
    24 | D        | Reached XP level 19. HP: 174/174 MP: 0/0
    24 | D        | Learned a level 7 spell: Storm Form
    24 | D        | Killed a large bag of meat
    24 | D        | Reached ****** piety under Makhleb
    25 | D        | Noticed a meat berserker
    25 | D        | Noticed a large bag of meat
    25 | D        | Noticed a large bag of meat
    25 | D        | Noticed a meat berserker
    26 | D        | Killed a meat berserker
    27 | D        | Noticed a large bag of meat
    27 | D        | Noticed a destroyer
    27 | D        | Noticed a meat berserker
    28 | D        | Noticed a large bag of meat
    29 | D        | Reached skill level 5 in Maces & Flails
    29 | D        | Reached skill level 5 in Throwing
    29 | D        | Reached XP level 20. HP: 181/181 MP: 0/0
    29 | D        | Killed a meat berserker
    29 | D        | Killed a large bag of meat
    30 | D        | Killed a large bag of meat
    30 | D        | Killed a destroyer
    31 | D        | Reached skill level 27 in Axes
    31 | D        | Reached XP level 21. HP: 169/187 MP: 0/0
    31 | D        | Learned a level 8 spell: Necromutation
    31 | D        | Killed a meat berserker
    31 | D        | Noticed a meat berserker
    31 | D        | Noticed a destroyer
    32 | D        | Killed a large bag of meat
    32 | D        | Killed a meat berserker
    33 | D        | Reached skill level 27 in Dodging
    33 | D        | Noticed a meat berserker
    33 | D        | Noticed an eight-headed meat hydra
    33 | D        | Noticed a destroyer
    33 | D        | Noticed a destroyer
    33 | D        | Noticed a meat berserker
    34 | D        | Reached XP level 22. HP: 193/194 MP: 0/0
    34 | D        | Noticed a destroyer
    35 | D        | Killed a meat berserker
    35 | D        | Killed a large bag of meat
    36 | D        | Reached skill level 15 in Maces & Flails
    36 | D        | Reached skill level 15 in Throwing
    38 | D        | Reached skill level 10 in Unarmed Combat
    38 | D        | Killed a destroyer
    38 | D        | Killed a large bag of meat
    38 | D        | Killed a meat berserker
    38 | D        | Noticed a meat berserker
    39 | D        | Reached skill level 27 in Armour
    39 | D        | Reached skill level 27 in Shields
    39 | D        | Reached skill level 27 in Invocations
    39 | D        | Reached skill level 27 in Evocations
    39 | D        | Reached XP level 23. HP: 187/201 MP: 0/0
    39 | D        | Learned a level 7 spell: Monstrous Menagerie
    39 | D        | Noticed a destroyer
    39 | D        | Noticed a destroyer
    40 | D        | Reached skill level 5 in Ranged Weapons
    40 | D        | Reached skill level 15 in Unarmed Combat
    41 | D        | Reached skill level 15 in Staves
    41 | D        | Reached XP level 24. HP: 205/208 MP: 0/0
    41 | D        | Noticed a destroyer
    41 | D        | Killed a destroyer
    41 | D        | Killed a destroyer
    41 | D        | Killed a destroyer
    41 | D        | Killed a destroyer
    41 | D        | Noticed a destroyer
    42 | D        | Reached XP level 25. HP: 210/214 MP: 0/0
    42 | D        | Learned a level 8 spell: Discord
    42 | D        | Noticed The Servant
    43 | D        | Killed a large bag of meat
    45 | D        | Reached skill level 15 in Ranged Weapons
    45 | D        | Noticed a tyrant
    45 | D        | Noticed a destroyer
    46 | D        | Reached XP level 26. HP: 218/221 MP: 0/0
    46 | D        | Killed a destroyer
    48 | D        | Killed a destroyer
    49 | D        | Reached XP level 27. HP: 57/228 MP: 0/0
    49 | D        | Learned a level 9 spell: Dragon's Call
    51 | D        | Killed a destroyer
    52 | D        | Reached skill level 27 in Spellcasting
    52 | D        | Killed a destroyer
    53 | D        | Noticed an accursed
    55 | D        | Killed a tyrant
    57 | D        | Killed an accursed
    58 | D        | Reached skill level 27 in Unarmed Combat
    59 | D        | Noticed The Captor
    61 | D        | Annihilated by a meat berserker

Illustrated notes

Levels and vault maps discovered:
D:        meatsprint

Skill      XL: |  1  2  3  4  5  6  7  8  9 10 11 12 13 14 15 16 17 18 19 20 21 22 23 24 25 26 27 |
---------------+----------------------------------------------------------------------------------+-----
Fighting       | 13 16 19 21 22 24 27 | 27.0
Axes           | 11 14 16 18 19 21 23 25 27 | 27.0
Armour         | 9 12 13 15 16 18 20 21 23 25 27 | 27.0
Dodging        | 10 13 15 16 17 19 21 23 25 27 | 27.0
Shields        | 9 12 13 15 16 18 19 21 23 25 27 | 27.0
Spellcasting   | 7 9 11 12 13 14 15 17 18 20 22 23 24 25 26 27 | 27.0
Invocations    | 9 12 13 15 16 18 19 21 23 25 27 | 27.0
Evocations     | 9 12 13 15 16 18 19 21 23 25 27 | 27.0
Maces & Flails | 5 11 14 17 19 21 23 24 26 | 26.2
Throwing       | 5 11 14 17 19 21 23 24 26 | 26.3
Polearms       | 3 12 14 17 19 21 23 | 23.5
Staves         | 4 13 15 18 21 22 25 | 25.3
Unarmed Combat | 4 14 17 20 22 24 27 | 27.0
Short Blades   | 9 13 17 19 22 | 22.5
Long Blades    | 9 13 17 19 22 | 22.5
Ranged Weapons | 8 12 16 18 20 | 20.9
Stealth        | 9 13 17 19 22 | 22.6

Action                     |  1- 3 |  4- 6 |  7- 9 | 10-12 | 13-15 | 16-18 | 19-21 | 22-24 | 25-27 || total
---------------------------+-------+-------+-------+-------+-------+-------+-------+-------+-------++-------
  Melee: Executioner's axe |     1 |       |       |     1 |     3 |     6 |     8 |     6 |    12 ||    37
   Cast: Blink             |       |       |       |       |       |       |       |       |     2 ||     2
  Dodge: Dodged            |     1 |       |       |       |       |       |       |     1 |       ||     2
